 Dungeon Crawl Stone Soup version 0.30-a0-883-g5ad918d77d (webtiles) character file.

Game seed: 9354777483878312548

20253 Cheivey the Protected (level 12, 0/93 HPs)
             Began as a Minotaur Fighter on Mar 17, 2023.
             Was an Initiate of Gozag.
             Slain by a tengu warrior
             ... wielding a +2 great sword of holy wrath
              (2 damage)
             ... on level 13 of the Dungeon.
             The game lasted 00:23:18 (10353 turns).

Cheivey the Protected (Minotaur Fighter)           Turns: 10353, Time: 00:23:19

Health: 0/93       AC: 24    Str: 23    XL:     12   Next: 43%
Magic:  11/11      EV:  1    Int: 18    God:    Gozag
Gold:   2590       SH: 31    Dex: 17    Spells: 11/11 levels left

rFire   + . .      SeeInvis .    a - +4 war axe (venom)
rCold   . . .      Faith    .    y - +18 shield of the Gong {Loud rN+ Will+ rCorr EV-5}
rNeg    + + +      Spirit   .    c - +0 plate armour
rPois   .          Reflect  .    d - +0 hat "Xoka" {Regen+ Dex+4}
rElec   +          Rampage  .    B - scarf {repulsion}
rCorr   +                        l - +1 pair of gloves of Hedge Wizardry {Will+ Int+5}
Will    ++...                    k - +2 pair of boots Stlth
                                 q - amulet of the acrobat
HPRegen 1.15/turn                g - ring of positive energy
MPRegen 0.12/turn                i - ring "Ynihulit" {*Slow rElec rN+ Int+6 Dex+2}

@: slowed, studying Staves, repel missiles, very slow
A: horns 2, retaliatory headbutt, hooves 1, iridescent scales 1, fire resistance
1, frail 1
a: Renounce Religion, Potion Petition, Call Merchant, Bribe Branch


You were on level 13 of the Dungeon.
You worshipped Gozag.
Gozag was most pleased with you.
You visited 2 branches of the dungeon, and saw 14 of its levels.
You also visited: Gauntlet.

You collected 2635 gold pieces.
You paid 45 gold pieces to Gozag.

Inventory:

Hand Weapons
 a - a +4 war axe of venom (weapon)
Missiles
 u - a throwing net (quivered)
Armour
 c - a +0 plate armour (worn)
 d - the +0 hat "Xoka" (worn) {Regen+ Dex+4}
   (You acquired it on level 4 of the Dungeon)

   Dex:       It affects your dexterity (+4).
   Regen:     It increases your rate of health regeneration.
 k - a +2 pair of boots (worn)
 l - the +1 pair of gloves of Hedge Wizardry (worn) {Will+ Int+5}
   (You found it in a Gauntlet)

   Int:       It affects your intelligence (+5).
   Will:      It increases your willpower.
 o - a +0 cloak
 y - the +18 shield of the Gong (worn) {Loud rN+ Will+ rCorr EV-5}
   (You found it on level 9 of the Dungeon)

   Loud:      It is deafeningly noisy when blocking attacks.
   EV:        It affects your evasion (-5).
   rN:        It protects you from negative energy.
   rCorr:     It protects you from acid and corrosion.
   Will:      It increases your willpower.
 B - a scarf of repulsion (worn)
Jewellery
 g - a ring of positive energy (left hand)
 i - the ring "Ynihulit" (right hand) {*Slow rElec rN+ Int+6 Dex+2}
   (You found it in a Gauntlet)

   [ring of intelligence]

   Int:       It affects your intelligence (+6).
   Dex:       It affects your dexterity (+2).
   rElec:     It insulates you from electricity.
   rN:        It protects you from negative energy.
   *Slow:     It may slow you when you take damage.
 q - an amulet of the acrobat (around neck)
 z - a +6 ring of strength
 D - a +4 ring of protection
Wands
 b - a wand of polymorph (10)
 h - a wand of flame (20)
 s - a wand of quicksilver (17)
 w - a wand of roots (3)
Scrolls
 f - a scroll of magic mapping
 j - 11 scrolls of identify
 m - 3 scrolls of fear
 n - 2 scrolls of teleportation
 v - 5 scrolls of poison
 E - 2 scrolls of fog {unknown}
 H - a scroll of blinking
 I - a scroll of enchant weapon
Potions
 e - 7 potions of flight
 p - 6 potions of cancellation
 r - 6 potions of mutation
 x - 3 potions of curing
 C - a potion of resistance
 F - a potion of lignification {unknown}
 G - 2 potions of brilliance
Miscellaneous
 t - a tin of tremorstones (1/2)
 A - a lightning rod (4/4)


   Skills:
 + Level 9.0 Fighting
 + Level 11.9 Axes
 + Level 14.1 Armour
 + Level 14.1 Shields
 - Level 5.0 Evocations


You had 11 spell levels left.
You didn't know any spells.
Your spell library contained the following spells:

 Spells                   Type           Power      Damage    Failure   Level
 Apportation              Tloc           0%         N/A       98%         1
 Beastly Appendage        Tmut           0%         N/A       98%         1
 Slow                     Hex            0%         N/A       98%         1
 Blink                    Tloc           0%         N/A       99%         2
 Cigotuvi's Dreadful Rot  Necr/Pois/Air  0%         N/A       99%         2
 Ensorcelled Hibernation  Hex/Ice        0%         N/A       99%         2
 Lesser Beckoning         Tloc           0%         N/A       99%         2
 Momentum Strike          Conj/Tloc      0%         3d8       99%         2
 Passwall                 Tmut/Erth      0%         N/A       99%         2
 Poisonous Vapours        Pois/Air       0%         N/A       99%         2
 Static Discharge         Conj/Air       0%         2-2/arc   99%         2
 Wereblood                Tmut           0%         N/A       99%         2
 Confusing Touch          Hex            0%         N/A       100%        3
 Mephitic Cloud           Conj/Pois/Air  0%         N/A       100%        3
 Spider Form              Tmut/Pois      0%         N/A       100%        3
 Swiftness                Air            0%         N/A       100%        3
 Vampiric Draining        Necr           0%         2d6       100%        3
 Vhi's Electric Charge    Tloc/Air       0%         N/A       100%        3
 Alistair's Intoxication  Tmut/Pois      0%         N/A       100%        5
 Arcjolt                  Conj/Air       0%         1d10      100%        5
 Lightning Bolt           Conj/Air       0%         1d11      100%        5


Dungeon Overview and Level Annotations

Branches:
Dungeon (13/15) Zot: 26535  Temple (1/1) D:4 Zot: 5955    Lair (0/5) D:11
    Orc (0/2) D:12        Gauntlet (visited)
 Vaults: D:13-14

Altars:
Ashenzari
Cheibriados
Dithmenos
Elyvilon
Fedhas
Gozag
Kikubaaqudgha
Makhleb
Nemelex Xobeh
Okawaru
Qazlal
Ru
Sif Muna
Trog
Uskayaw
Vehumet
Wu Jian
Xom
Yredelemnul
Zin
The Shining One

Shops:
D:12 *

Annotations:
Temple 2 transporters


Innate Abilities, Weirdness & Mutations

You have a pair of horns on your head.
You reflexively headbutt those who attack you in melee.
You have large cloven feet.
You are partially covered in iridescent scales. (AC +2)
Your flesh is heat resistant. (rF+)
You are frail. (-10% HP)


Message History

You block the tengu warrior's attack.
PANG!
You miss the tengu warrior. Your headbutt misses the tengu warrior.
The tengu warrior is heavily wounded.
You hit the tengu conjurer.
The tengu conjurer is poisoned.
The tengu conjurer points at you and mumbles some strange words.
The bolt of lightning hits you. You resist. The bolt of lightning hits you.
You resist.
The tengu warrior hits you with a +2 great sword of holy wrath!!
* * * LOW HITPOINT WARNING * * *
You block the tengu warrior's attack.
GONNNNG!
The tengu warrior claws you but does no damage.
The tengu conjurer mumbles some strange words.
The tengu conjurer conjures a globe of magical energy!
A battlesphere comes into view.
You are too injured to fight recklessly!
Unknown command.
You are too injured to fight recklessly!
Unknown command.
You completely miss the tengu conjurer.
The tengu conjurer is heavily wounded.
You hit the tengu warrior. You block the tengu warrior's attack.
GONNNNG!
You block the tengu warrior's attack.
PANG!
The tengu warrior claws you but does no damage.
You block the tengu conjurer's attack.
BOUMMMMG!
The tengu conjurer pecks you.
* * * LOW HITPOINT WARNING * * *
You block the tengu conjurer's attack.
GONNNNG!
The tengu warrior hits you with a +2 great sword of holy wrath!!
* * * LOW HITPOINT WARNING * * *
You block the tengu warrior's attack.
BOUMMMMG!
The tengu warrior claws you.
You die...
Your body crumbles into a pile of gold.

.........'...............#
.........#.....####......#
.........#.....# #......#
.........#...............#
#.......##...............#
#.......#................#
.....)^.#..###########...
........#.Q#########
######..#..@Q.......
#..#...*.......
#..#....?......
#..#...........
#..#...........
#..'...........
#....#...........
#....########+#.. #######
$ .. $


You could see a tengu warrior (extremely poisoned), a tengu conjurer (very
poisoned) and a battlesphere (distracted).

Vanquished Creatures
  A minotaur (Gauntlet)
  A hydra (D:11)
  4 boulder beetles
  A two-headed ogre (D:12)
  A spectral catoblepas (Gauntlet)
  A large abomination (Gauntlet)
  An ugly thing (D:13)
  A harpy (shapeshifter) (D:13)
  A manticore (D:11)
  2 vault sentinels (D:9)
  2 gargoyles
  2 komodo dragons
  6 trolls
  Grinder (D:4)
  2 dream sheep (D:11)
  A hornet (D:8)
  Prince Ribbit (D:6)
  4 slime creatures (D:12)
  2 shadows
  A ynoxinul (Gauntlet)
  A basilisk (D:13)
  4 wraiths
  A wyvern (D:9)
  2 small abominations (Gauntlet)
  2 steam dragons
  11 yaks
  4 vampire mosquitoes (D:12)
  Menkaure (D:5)
  Edmund (D:4)
  3 acid dragons
  3 water moccasins
  An ice beast (D:7)
  3 orc warriors
  A black bear (D:8)
  A sky beast (D:7)
  3 centaurs
  2 phantoms (D:7)
  2 bullfrogs
  5 kobold brigands
  3 scorpions (D:6)
  A gnoll sergeant (D:13)
  9 wights
  10 killer bees
  4 howler monkeys
  10 orc priests
  3 hounds
  2 jellies
  A gnoll bouda (D:7)
  4 iron imps (Gauntlet)
  A sleepcap (D:6)
  7 iguanas
  17 orc wizards
  16 gnolls
  9 adders
  A shadow imp (D:7)
  2 white imps
  2 ufetubi
  3 worms
  3 dart slugs
  51 orcs
  6 ball pythons
  7 endoplasms
  A giant cockroach (D:2)
  6 goblins
  3 hobgoblins
  A jackal (D:1)
  19 kobolds
  5 quokkas
  8 bats
  6 frilled lizards
  8 rats
316 creatures vanquished.

Vanquished Creatures (collateral kills)
  A large abomination (Gauntlet)
  2 small abominations (Gauntlet)
3 creatures vanquished.

Vanquished Creatures (others)
  A demonic plant (Gauntlet)
  10 plants (D:11)
11 creatures vanquished.

Grand Total: 330 creatures vanquished

Notes
Turn   | Place    | Note
-------+----------+-------------------------------------------
     0 | D:1      | Cheivey the Minotaur Fighter began the quest for the Orb.
     0 | D:1      | Reached XP level 1. HP: 19/19 MP: 0/0
   130 | D:1      | Reached XP level 2. HP: 23/26 MP: 1/1
   853 | D:2      | Reached XP level 3. HP: 19/31 MP: 2/2
  1154 | D:2      | Reached skill level 5 in Axes
  1159 | D:2      | Reached XP level 4. HP: 35/39 MP: 3/3
  1667 | D:2      | Gained mutation: You are partially covered in iridescent
                  | scales. (AC +2) [potion of mutation]
  1667 | D:2      | Gained mutation: You have large cloven feet. [potion of
                  | mutation]
  1667 | D:2      | Gained mutation: You are frail. (-10% HP) [potion of
                  | mutation]
  1667 | D:2      | Gained mutation: Your flesh is heat resistant. (rF+)
                  | [potion of mutation]
  1871 | D:3      | Reached XP level 5. HP: 40/40 MP: 4/4
  2221 | D:3      | Found a snail-covered altar of Cheibriados.
  2423 | D:4      | Found a staircase to the Ecumenical Temple.
  2435 | Temple   | Entered the Ecumenical Temple
  2435 | Temple   | Found a transporter.
  2435 | Temple   | Found a transporter.
  2437 | Temple   | Found a transporter.
  2437 | Temple   | Found a transporter.
  2464 | Temple   | Became a worshipper of Gozag Ym Sagoz the Greedy
  2506 | D:4      | Noticed Grinder
  2513 | D:4      | Paralysed by Grinder for 3 turns
  2522 | D:4      | Killed Grinder
  2523 | D:4      | Reached XP level 6. HP: 18/45 MP: 5/5
  2783 | D:4      | Reached XP level 7. HP: 28/52 MP: 6/6
  2907 | D:4      | Noticed Edmund
  2931 | D:4      | Killed Edmund
  3239 | D:4      | Identified a scroll of acquirement
  3239 | D:4      | Acquired the +0 hat "Xoka" {Regen+ Dex+4}
  3298 | D:5      | Entered Level 5 of the Dungeon
  3458 | D:5      | Reached skill level 5 in Fighting
  3458 | D:5      | Reached skill level 5 in Armour
  3458 | D:5      | Reached skill level 5 in Shields
  3460 | D:5      | Reached XP level 8. HP: 41/61 MP: 7/7
  3461 | D:5      | Reached skill level 1 in Evocations
  3466 | D:5      | Noticed Menkaure
  3474 | D:5      | Killed Menkaure
  3762 | D:5      | Found an ancient bone altar of Kikubaaqudgha.
  3762 | D:5      | Found a sparkling altar of Nemelex Xobeh.
  4114 | D:6      | Noticed Prince Ribbit
  4124 | D:6      | Killed Prince Ribbit
  4209 | D:6      | Noticed a gargoyle
  4220 | D:6      | Reached skill level 10 in Axes
  4222 | D:6      | Killed a gargoyle
  4231 | D:6      | Reached XP level 9. HP: 22/69 MP: 8/8
  5651 | D:8      | Reached XP level 10. HP: 79/79 MP: 9/9
  6572 | D:9      | Reached skill level 5 in Evocations
  6628 | D:9      | Found a basalt altar of Yredelemnul.
  7148 | D:9      | Noticed a vault sentinel
  7148 | D:9      | Noticed a vault sentinel
  7168 | D:9      | Killed a vault sentinel
  7175 | D:9      | Killed a vault sentinel
  7176 | D:9      | Reached skill level 10 in Armour
  7176 | D:9      | Reached skill level 10 in Shields
  7189 | D:9      | Found the +18 shield of the Gong {Loud rN+ Will+ rCorr
                  | EV-5}
  7245 | D:9      | Found a white marble altar of Elyvilon.
  7285 | D:10     | Entered Level 10 of the Dungeon
  7335 | D:10     | Reached XP level 11. HP: 83/85 MP: 10/10
  7429 | D:10     | Identified the +0 buckler of Failure {rCorr Slay+3}
  7926 | D:11     | Found a gate leading to a gauntlet.
  7935 | Gauntlet | Entered a Gauntlet
  7935 | Gauntlet | Noticed a death scarab
  7935 | Gauntlet | Found a transporter.
  7935 | Gauntlet | Found a transporter.
  7935 | Gauntlet | Found a transporter.
  7935 | Gauntlet | Found a transporter.
  7939 | Gauntlet | Found a transporter.
  7940 | Gauntlet | Found a transporter.
  7951 | Gauntlet | Found a transporter.
  7954 | Gauntlet | Found a transporter.
  7954 | Gauntlet | Found a transporter.
  7954 | Gauntlet | Found a transporter.
  7965 | Gauntlet | Noticed a large abomination
  7969 | Gauntlet | Found a transporter.
  7970 | Gauntlet | Found a transporter.
  8194 | Gauntlet | Identified the +1 pair of gloves of Hedge Wizardry {Will+
                  | Int+5}
  8248 | Gauntlet | Killed a large abomination
  8288 | Gauntlet | Noticed a minotaur
  8296 | Gauntlet | Killed a minotaur
  8305 | Gauntlet | Identified the ring "Ynihulit" {*Slow rElec rN+ Int+6
                  | Dex+2}
  8772 | D:11     | Noticed a boulder beetle
  8785 | D:11     | Killed a boulder beetle
  8969 | D:11     | Noticed a two-headed hydra
  8985 | D:11     | Killed a six-headed hydra
  9177 | D:11     | Found a staircase to the Lair.
  9239 | D:12     | Found a staircase to the Orcish Mines.
  9250 | D:12     | Noticed a two-headed ogre
  9252 | D:12     | Noticed a boulder beetle
  9258 | D:12     | Killed a two-headed ogre
  9274 | D:12     | Reached XP level 12. HP: 81/92 MP: 11/11
  9276 | D:12     | Killed a boulder beetle
  9344 | D:12     | Found Gugacif's Assorted Antiques.
  9976 | D:13     | Noticed a boulder beetle
  9986 | D:13     | Killed a boulder beetle
 10178 | D:13     | Noticed a boulder beetle
 10188 | D:13     | Killed a boulder beetle
 10258 | D:13     | Identified the +1 scale mail "Moatulae" {Contam rElec
                  | Dex+3}
 10345 | D:13     | Noticed a tengu warrior
 10353 | D:13     | HP: 2/93 [tengu warrior/+2 great sword of holy wrath (18)]
 10353 | D:13     | Slain by a tengu warrior

Illustrated notes

Levels and vault maps discovered:
D:1:      saegor_arrival_simple_d, layout_basic, minivault_26, minmay_quantized
D:2:      minmay_razor_zed, layout_loops_ring
D:3:      layout_rooms, lemuel_coloured_pillars_altar
D:4:      layout_basic, minmay_temple_entry_wispy, minmay_misc_feat_x,
          uniq_grinder, uniq_edmund
D:5:      layout_gridville, gammafunk_temple_overflow_elements, minmay_circle_x,
          uniq_menkaure
D:6:      layout_basic, minmay_manual_mandibuliform, uniq_prince_ribbit1
D:7:      layout_basic
D:8:      layout_basic
D:9:      layout_roguey, kennysheep_ying_yang, hellmonk_guarded_unrand_gong
D:10:     layout_small_grid
D:11:     layout_basic, david_lair_shrubbed, gauntlet_entry_generic,
          hangedman_ranch
D:12:     hellmonk_destroyed_diamonds, layout_gridville, serial_shops, shop
D:13:     layout_stronghold
Temple:   hellmonk_temple_divided_pantheon

Skill      XL: |  1  2  3  4  5  6  7  8  9 10 11 12 |
---------------+-------------------------------------+-----
Axes           | 3 4 5 6 8 9 10 11 | 11.9
Fighting       | 5 6 7 8 9 |  9.0
Armour         | 5 6 7 10 13 14 | 14.1
Shields        | 5 6 7 10 13 14 | 14.1
Evocations     | 2 4 5 |  5.0

Action                     |  1- 3 |  4- 6 |  7- 9 | 10-12 || total
---------------------------+-------+-------+-------+-------++-------
  Melee: War axe           |    68 |   138 |   231 |   408 ||   845
         Headbutt          |    10 |    20 |    37 |   118 ||   185
  Evoke: Wand              |       |       |       |     5 ||     5
         Tin of tremorston |       |       |       |     2 ||     2
    Use: Scroll            |       |    11 |     9 |     5 ||    25
         Potion            |       |    11 |     4 |     4 ||    19
   Stab: Distracted        |       |       |     1 |     2 ||     3
 Armour: Scale mail        |    35 |    72 |    46 |       ||   153
         Plate armour      |       |       |    37 |   143 ||   180
  Dodge: Dodged            |    31 |    98 |    83 |    38 ||   250
         Repelled          |       |       |       |     1 ||     1
  Block: Buckler           |    13 |    31 |     3 |       ||    47
         Kite shield       |       |       |   111 |   407 ||   518
         Tower shield      |       |       |       |    49 ||    49

Table legend: (Time is in decaauts)
 A = Elapsed time spent in this place.
 B = Non-inter-level travel time spent in this place.
 C = Inter-level travel time spent in this place.
 D = Time resting spent in this place.
 E = Time spent auto-exploring this place.
 F = Levels seen in this place.
 G = Mean time per level.
                   A        B        C        D        E       F      G
               +--------+--------+--------+--------+--------+-----+--------+
         Total |  10388 |  10045 |    343 |     98 |   7267 |  15 |  692.5 |
       Dungeon |   9974 |   9631 |    343 |     96 |   7267 |  13 |  767.2 |
        Temple |     44 |     44 |      0 |      0 |      0 |   1 |   44.0 |
      Gauntlet |    369 |    369 |      0 |      2 |      0 |   1 |  369.0 |
               +--------+--------+--------+--------+--------+-----+--------+

Top non-repeatable levels by time:
    D:11: 1030 daAuts
     D:4: 925 daAuts
     D:7: 917 daAuts
     D:8: 904 daAuts
     D:2: 901 daAuts
     D:1: 828 daAuts
     D:9: 820 daAuts
     D:5: 790 daAuts
    D:12: 657 daAuts
     D:3: 607 daAuts
     D:6: 586 daAuts
    D:10: 542 daAuts
    D:13: 463 daAuts
Gauntlet: 369 daAuts
  Temple: 44 daAuts
